[Event "FIDE Women World Blitz 2021"]
[Site "Warsaw"]
[Date "2021.12.29"]
[Round "6.7"]
[White "Zhukova, Natalia"]
[Black "Nomin-Erdene, Davaademberel"]
[Result "1-0"]
[ECO "A10"]
[WhiteElo "2331"]
[BlackElo "2188"]
[Annotator "NA"]
[PlyCount "133"]
[EventDate "2021.12.29"]
[EventType "swiss"]
[EventCountry "POL"]
[Tiebreak "Cut1 Buchholz"]
[SourceTitle "playchess.com"]
[Source "ChessBase"]
[SourceQuality "1"]
[TimeControl "180+2"]

1. c4 f5 2. Nc3 Nf6 3. Nf3 g6 4. d3 d6 5. e4 Nc6 6. exf5 gxf5 7. d4 Bg7 8. d5 Ne5 9. Nd4 c5 10. Ne6 Bxe6 11. dxe6 O-O 12. Nd5 Nc6 13. Bd3 Nxd5 14. cxd5 Nb4 15. Bb1 Qa5 16. O-O c4 17. a3 Nxd5 18. Qe2 Qc5 19. Ba2 b5 20. Bg5 Nf6 21. Rac1 Rac8 22. b3 c3 23. b4 Qc6 24. Qd3 d5 25. Bxf6 Rxf6 26. Bxd5 Qd6 27. Qxb5 Rg6 28. Qd7 Rd8 29. Qxd6 Rxd6 30. Bb3 Rd2 31. g3 Rg4 32. Kg2 Re4 33. Rc2 Ree2 34. Rxd2 Rxd2 35. Rc1 Bd4 36. Rc2 Rd1 37. Rxc3 Bxc3 38. Bxd1 Kg7 39. f4 Kf6 40. Bb3 Kg7 41. Kf3 Kf8 42. Ke3 Ke8 43. Bc2 Bb2 44. a4 Ba3 45. b5 Bc5+ 46. Kf3 h6 47. Bxf5 Kd8 48. g4 Kc7 49. h4 Kd8 50. Ke4 Ke8 51. g5 hxg5 52. fxg5 Kf8 53. h5 Bb6 54. h6 Ba5 55. g6 Bc3 56. Bg4 Bd2 57. h7 Kg7 58. Kd5 Bc3 59. Bf5 Kh6 60. Kc6 Kg5 61. Bd3 Kf4 62. Kd7 Bf6 63. Ke8 Ke5 64. Kf7 Kd4 65. Bb1 Kc5 66. g7 Kb4 67. h8=Q 1-0

[Event "FIDE Women World Blitz 2021"]
[Site "Warsaw"]
[Date "2021.12.29"]
[Round "6.7"]
[White "Gil Quilez, Sonia"]
[Black "Zabrzanska, Weronika"]
[Result "1-0"]
[ECO "D56"]
[WhiteElo "2122"]
[BlackElo "1596"]
[Annotator "NA"]
[PlyCount "65"]
[EventDate "2021.12.29"]
[EventType "swiss"]
[EventCountry "POL"]
[Tiebreak "Cut1 Buchholz"]
[SourceTitle "playchess.com"]
[Source "ChessBase"]
[SourceQuality "1"]
[TimeControl "180+2"]

1. d4 Nf6 2. c4 e6 3. Nc3 d5 4. Bg5 Be7 5. e3 O-O 6. Nf3 h6 7. Bh4 c6 8. Rc1 Ne4 9. Bxe7 Qxe7 10. Qc2 f5 11. Ne5 Qf6 12. Be2 Nd7 13. Nxd7 Bxd7 14. O-O e5 15. dxe5 Qxe5 16. cxd5 cxd5 17. Rfd1 Bc6 18. Qb3 Rad8 19. Bf3 Kh8 20. Nb5 f4 21. exf4 Rxf4 22. Nxa7 Rdf8 23. Nxc6 bxc6 24. Rd3 Qg5 25. Bxe4 Rxf2 26. Rcd1 dxe4 27. Rg3 Qf4 28. h3 e3 29. Qxe3 Rf1+ 30. Rxf1 Qxf1+ 31. Kh2 Qf6 32. Qc3 Qd6 33.
Qxg7# 1-0

[Event "FIDE Women World Blitz 2021"]
[Site "Warsaw"]
[Date "2021.12.29"]
[Round "6.8"]
[White "Vantika Agrawal"]
[Black "Babiy, Olga"]
[Result "1/2-1/2"]
[ECO "D27"]
[WhiteElo "2329"]
[BlackElo "2179"]
[Annotator "NA"]
[PlyCount "108"]
[EventDate "2021.12.29"]
[EventType "swiss"]
[EventCountry "POL"]
[Tiebreak "Cut1 Buchholz"]
[SourceTitle "playchess.com"]
[Source "ChessBase"]
[SourceQuality "1"]
[TimeControl "180+2"]

1. d4 d5 2. c4 dxc4 3. Nf3 Nf6 4. e3 e6 5. Bxc4 a6 6. O-O c5 7. e4 cxd4 8. e5 Nfd7 9. Qxd4 Nc6 10. Qe4 Qc7 11. Bf4 Be7 12.
Qe2 b5 13. Bb3 Bb7 14. Nc3 O-O 15. Rac1 Rfd8 16. Ne4 Qb8 17. Nd6 Na5 18. Nxb7 Nxb3 19. Nxd8 Nxc1 20. Rxc1 Qxd8 21. Qc2 Qe8 22. h4 Nb6 23. Qe4 Nd5 24. Bg5 Rc8 25. Rd1 h6 26. Bc1 Rc4 27. Qe2 Bxh4 28. Nd4 Qc8 29. Be3 Bg5 30. Bxg5 hxg5 31. Qg4 Qc5 32. b3 Rc1 33. Rxc1 Qxc1+ 34. Kh2 Qd2 35. Nxe6 fxe6 36. Qxe6+ Kh7 37. Qf5+ Kh6 38. Qh3+ Kg6 39.
Qe6+ Kh7 40. Qh3+ Kg6 41. Qe6+ Kh7 42. Qh3+ Kg8 43. Qe6+ Kf8 44. Qd6+ Ke8 45. Qc6+ Ke7 46. Qd6+ Ke8 47. Qc6+ Ke7 48. Qd6+ Ke8 49. Qc6+ Kd8 50. Qd6+ Ke8 51. Qc6+ Kf7 52. Qd7+ Kg6 53. Qe6+ Kh7 54. Qh3+ Kg6 1/2-1/2

[Event "FIDE Women World Blitz 2021"]
[Site "Warsaw"]
[Date "2021.12.29"]
[Round "6.8"]
[White "Nur-Mukhametova, Alisa"]
[Black "Da Silva, Cibele Florencio"]
[Result "1-0"]
[ECO "D02"]
[WhiteElo "2225"]
[BlackElo "1405"]
[Annotator "NA"]
[PlyCount "32"]
[EventDate "2021.12.29"]
[EventType "swiss"]
[EventCountry "POL"]
[Tiebreak "Cut1 Buchholz"]
[SourceTitle "playchess.com"]
[Source "ChessBase"]
[SourceQuality "1"]
[TimeControl "180+2"]

1. Nf3 d5 2. g3 Nf6 3. Bg2 Nc6 4. d4 e6 5. O-O h6 6. Nbd2 Bd6 7. c4 g5 8. e3 Qe7 9. c5 Bxc5 10. dxc5 Qxc5 11. b3 Rg8 12. Bb2 Nh5 13. Nd4 Ng7 14. Rc1 Qd6 15. Nxc6 bxc6 16. Nc4 Qd7 1-0

[Event "FIDE Women World Blitz 2021"]
[Site "Warsaw"]
[Date "2021.12.29"]
[Round "6.9"]
[White "Vaishali R"]
[Black "Efroimski, Marsel"]
[Result "1-0"]
[ECO "D02"]
[WhiteElo "2405"]
[BlackElo "2419"]
[Annotator "NA"]
[PlyCount "95"]
[EventDate "2021.12.29"]
[EventType "swiss"]
[EventCountry "POL"]
[Tiebreak "Cut1 Buchholz"]
[SourceTitle "playchess.com"]
[Source "ChessBase"]
[SourceQuality "1"]
[TimeControl "180+2"]

1. d4 e6 2. Bf4 d5 3. Nf3 Nf6 4. e3 Bd6 5. Nbd2 c5 6. c3 O-O 7. Bd3 Qc7 8.
Bg3 Nbd7 9. e4 dxe4 10. Nxe4 Nxe4 11. Bxe4 Nf6 12. Bc2 cxd4 13. Nxd4 Bxg3 14. hxg3 Qe5+ 15. Kf1 b6 16. Qf3 Ba6+ 17. Kg1 h6 18. Nc6 Qc7 19. Nd4 Bb7 20. Qe2 Rad8 21. Re1 Bd5 22. a3 Rc8 23. Rh4 Rfd8 24. Qe3 Qc5 25. g4 Bb7 26. Bb1 Qg5 27. Qg3 Nd5 28. Rh5 Qd2 29. Rf1 Ba6 30. g5 Nf4 31. Rh4 Ng6 32. gxh6 Bxf1 33. Bxg6 Qc1 34. Bxf7+ Kf8 35. Qxg7+ Ke7 36. Bxe6+ Kd6 37. Kh2 Qd2 38. Bh3 Kc5 39. Ne6+ Kb5 40. Nxd8 Qd6+ 41. f4 Rxd8 42. Qe5+ Qxe5 43. fxe5 Rh8 44. h7 Bd3 45. b4 Ka4 46. e6 Kxa3 47. e7 Bxh7 48. Rxh7 1-0

[Event "FIDE Women World Blitz 2021"]
[Site "Warsaw"]
[Date "2021.12.29"]
[Round "6.9"]
[White "Malicka, Maria"]
[Black "Kazarian, Anna-Maja"]
[Result "0-1"]
[ECO "C42"]
[WhiteElo "2307"]
[BlackElo "2138"]
[Annotator "NA"]
[PlyCount "146"]
[EventDate "2021.12.29"]
[EventType "swiss"]
[EventCountry "POL"]
[Tiebreak "Cut1 Buchholz"]
[SourceTitle "playchess.com"]
[Source "ChessBase"]
[SourceQuality "1"]
[TimeControl "180+2"]

1. e4 e6 2. d4 d5 3. exd5 exd5 4. Nf3 Nf6 5. Bd3 Bd6 6. Qe2+ Qe7 7. Qxe7+ Bxe7 8. O-O O-O 9. Re1 Bd6 10. Bg5 Nbd7 11. Nc3 c6 12. Ne5 h6 13. Bh4 Bb4 14. a3 Bxc3 15. bxc3 g5 16. Bg3 Nh5 17. Nxd7 Bxd7 18. Bd6 Rfe8 19. c4 Nf6 20. f3 dxc4 21. Bxc4 Nd5 22. Kf2 Re6 23. Be5 Rae8 24. Rab1 b5 25. Bd3 f6 26. Bg3 Kf7 27. Rxe6 Bxe6 28. c4 Nc3 29. Rc1 bxc4 30. Bf1 Nb5 31. Bxc4 Nxd4 32. Bxe6+ Rxe6 33. Rc4 Nb5 34. a4 Na3 35. Rc3 Nb1 36. Rb3 Nd2 37. Rb7+ Re7 38. Rb2 Nc4 39. Rc2 Na5 40. Rc5 Nb3 41. Rxc6 Nd4 42. Rc4 Nf5 43. Bb8 a6 44. Rc6 Rb7 45. Bg3 Rb2+ 46. Ke1 a5 47. Rc5 Ne3 48. Rxa5 Nxg2+ 49. Kf1 Ne3+ 50. Kg1 f5 51. Re5 f4 52. Bf2 Rb1+ 53. Be1 Rxe1+ 54. Kf2 Ra1 55. a5 Kf6 56. Rb5 Ra2+ 57. Kg1 h5 58. Rb6+ Kf5 59. Rb5+ Kf6 60. Rb6+ Ke5 61. Rb5+ Nd5 62. Rc5 Kd4 63. Rb5 Kc4 64. Rb8 Rxa5 65. Rh8 h4 66. Rg8 Ne3 67. Rc8+ Kd3 68. h3 Ke2 69. Kh2 Kxf3 70. Rc1 Ra2+ 71. Kh1 g4 72. Rg1 gxh3 73. Rc1 Ng4 0-1

[Event "FIDE Women World Blitz 2021"]
[Site "Warsaw"]
[Date "2021.12.29"]
[Round "6.10"]
[White "Efimenko, Maria"]
[Black "Antolak, Julia"]
[Result "1/2-1/2"]
[ECO "B22"]
[WhiteElo "2207"]
[BlackElo "2334"]
[Annotator "NA"]
[PlyCount "84"]
[EventDate "2021.12.29"]
[EventType "swiss"]
[EventCountry "POL"]
[Tiebreak "Cut1 Buchholz"]
[SourceTitle "playchess.com"]
[Source "ChessBase"]
[SourceQuality "1"]
[TimeControl "180+2"]

1. e4 c5 2. c3 d5 3. exd5 Qxd5 4. d4 Nc6 5. Nf3 Bf5 6. Na3 cxd4 7. cxd4 e6 8. Nb5 Rc8 9. Be2 Bb4+ 10. Bd2 Bxd2+ 11. Qxd2 Nf6 12. Nc3 Qd7 13. O-O O-O 14. Rfd1 Rfd8 15. Qf4 Nd5 16. Qg3 Bg6 17. h4 Nce7 18. h5 Bf5 19. Ne5 Nxc3 20. bxc3 Qc7 21. Rac1 Nd5 22. c4 Nf6 23. h6 g6 24. Qg5 Ne4 25. Qh4 f6 26. f3 Ng5 27. Ng4 Bxg4 28. Qxg4 Qe7 29. c5 Nf7 30.
Bc4 f5 31. Qf4 Kf8 32. Re1 Qf6 33. Bxe6 Rxd4 34. Qe3 Rcd8 35. Qb3 Nxh6 36. Qxb7 Re8 37. Bb3 Rdd8 38. c6 Qd4+ 39. Kf1 Qd3+ 40. Kg1 Qd4+ 41. Kf1 Qd3+ 42. Kg1 Qd4+ 1/2-1/2

[Event "FIDE Women World Blitz 2021"]
[Site "Warsaw"]
[Date "2021.12.29"]
[Round "6.10"]
[White "Szczotka, Klara"]
[Black "Utiatskaja, Irina"]
[Result "0-1"]
[ECO "B52"]
[WhiteElo "1584"]
[BlackElo "2184"]
[Annotator "NA"]
[PlyCount "114"]
[EventDate "2021.12.29"]
[EventType "swiss"]
[EventCountry "POL"]
[Tiebreak "Cut1 Buchholz"]
[SourceTitle "playchess.com"]
[Source "ChessBase"]
[SourceQuality "1"]
[TimeControl "180+2"]

1. e4 c5 2. Nf3 d6 3. Bb5+ Bd7 4. Bxd7+ Qxd7 5. c4 g6 6. O-O Bg7 7. d4 cxd4 8. Nxd4 Nc6 9. Be3 Nf6 10. f3 O-O 11. Nc3 Rfc8 12. b3 a6 13.
a4 Qd8 14. Rb1 Nd7 15. Kh1 Nc5 16. Qd2 Ne6 17. Nxe6 fxe6 18. Ne2 Qf8 19. Rfd1 Qf6 20. Bg5 Qf7 21. Qe3 Rab8 22. Rbc1 e5 23. Rd5 b6 24. Rcd1 Nd4 25. Nxd4 exd4 26. Qf4 Qxf4 27. Bxf4 Rc5 28. Bg5 Rxd5 29. exd5 Kf7 30. Bd2 b5 31. axb5 axb5 32. Bc1 bxc4 33. bxc4 Rb4 34. Kg1 Rxc4 35. Kf2 Rc5 36. Ke2 Rxd5 37. Kd3 Ra5 38. Bb2 Ra2 39. Bxd4 Bxd4 40. Kxd4 Rxg2 41. Rh1 Ke6 42. Ke4 d5+ 43. Kd4 Kd6 44. h4 e5+ 45. Ke3 d4+ 46. Ke4 Re2+ 47. Kd3 Re3+ 48. Kd2 Rxf3 49. h5 g5 50. h6 Kd5 51. Rh5 Rg3 52. Rh2 e4 53. Re2 d3 54. Rh2 Kd4 55.
Rh1 Rg2+ 56. Kc1 e3 57. Rf1 e2 0-1

[Event "FIDE Women World Blitz 2021"]
[Site "Warsaw"]
[Date "2021.12.29"]
[Round "6.11"]
[White "Beydullayeva, Govhar"]
[Black "Budkiewicz, Magdalena"]
[Result "1-0"]
[ECO "E69"]
[WhiteElo "2278"]
[BlackElo "1624"]
[Annotator "NA"]
[PlyCount "95"]
[EventDate "2021.12.29"]
[EventType "swiss"]
[EventCountry "POL"]
[Tiebreak "Cut1 Buchholz"]
[SourceTitle "playchess.com"]
[Source "ChessBase"]
[SourceQuality "1"]
[TimeControl "180+2"]

1. Nf3 Nf6 2. c4 g6 3. d4 Bg7 4. g3 d6 5. Nc3 O-O 6. Bg2 Nbd7 7. O-O e5 8. e4 c6 9. h3 Re8 10. Be3 Qc7 11. Qc2 Nh5 12. Rad1 Nb6 13.
b3 Bd7 14. Rfe1 Rad8 15. dxe5 dxe5 16. c5 Nc8 17. Rd2 Ne7 18. Red1 Be6 19. Rd6 Nc8 20. R6d3 f5 21. Ng5 Rxd3 22. Qxd3 Bf7 23. exf5 Ne7 24. Nxf7 Kxf7 25. Qc4+ Kf8 26. fxg6 hxg6 27. Bg5 Nf6 28. Ne4 Nxe4 29. Bxe4 Nf5 30. Bxf5 gxf5 31. Rd6 Qf7 32. Qxf7+ Kxf7 33. Rd7+ Kg6 34. h4 b6 35. Rxa7 bxc5 36. Rc7 Re6 37. a4 Bf8 38. a5 e4 39. a6 Re8 40. a7 Ra8 41. Bf4 Bg7 42. Rb7 Bd4 43.
Bb8 c4 44. bxc4 Bc5 45. Rc7 Bd4 46. Rxc6+ Kf7 47. h5 Bxa7 48. Rc7+ 1-0

[Event "FIDE Women World Blitz 2021"]
[Site "Warsaw"]
[Date "2021.12.29"]
[Round "6.11"]
[White "Semenova, Elena"]
[Black "Kamalidenova, Meruert"]
[Result "0-1"]
[ECO "B52"]
[WhiteElo "2233"]
[BlackElo "2339"]
[Annotator "NA"]
[PlyCount "55"]
[EventDate "2021.12.29"]
[EventType "swiss"]
[EventCountry "POL"]
[Tiebreak "Cut1 Buchholz"]
[SourceTitle "playchess.com"]
[Source "ChessBase"]
[SourceQuality "1"]
[TimeControl "180+2"]

1. e4 c5 2. Nf3 d6 3. Bb5+ Bd7 4. Bxd7+ Nxd7 5. O-O Ngf6 6. Qe2 e6 7. c3 Be7 8. d4 O-O 9. Rd1 Qc7 10. Na3 a6 11. Nc2 b5 12. h3 Rfc8 13.
Bg5 cxd4 14. Ncxd4 h6 15. Bh4 Nc5 16. e5 Nd5 17. Bg3 dxe5 18.
Bxe5 Bd6 19. Bxd6 Qxd6 20. Qe5 Qxe5 21. Nxe5 f6 22. Nd3 Nxd3 23. Rxd3 Nf4 24. Rd2 Kf7 25. Rad1 Rd8 26. Nc6 Rxd2 27. Rxd2 Nd5 28. Kf1 0-1

[Event "FIDE Women World Blitz 2021"]
[Site "Warsaw"]
[Date "2021.12.29"]
[Round "6.12"]
[White "Mamedjarova, Turkan"]
[Black "Muzychuk, Anna"]
[Result "1-0"]
[ECO "B04"]
[WhiteElo "2264"]
[BlackElo "2533"]
[Annotator "ChessBase"]
[PlyCount "159"]
[EventDate "2021.12.29"]
[EventType "swiss"]
[EventCountry "POL"]
[Tiebreak "Cut1 Buchholz"]
[SourceTitle "playchess.com"]
[Source "ChessBase"]
[SourceQuality "1"]
[TimeControl "180+2"]

1. d4 Nf6 2. c4 g6 3. Nc3 d5 4. Nf3 Bg7 5. e3 O-O 6. Be2 dxc4 7. Bxc4 c5 8. O-O cxd4 9. exd4 Bg4 10.
Be3 Nc6 11. Be2 Nd5 12. h3 Bf5 13. Nxd5 Qxd5 14. Qa4 Rfd8 15. Rfd1 a6 16. Rac1 Rac8 17. Qa3 Qd6 18. Qxd6 exd6 19. a3 Ne7 20. Bg5 f6 21. Bf4 Kf7 22. Rxc8 Bxc8 23. Rc1 Nd5 24. Bc4 Be6 25. Bd2 Rc8 26. Kh2 Rc6 27. a4 Nb6 28. Bxe6+ Kxe6 29. Re1+ Kf7 30. b3 Nd5 31. Rc1 Rxc1 32.
Bxc1 h6 33. Kg1 g5 34. Ba3 Ke6 35. Nd2 f5 36. Nc4 Bf8 37. Kf1 f4 38. Ke2 b5 39. axb5 axb5 40. Nd2 Kf5 41. Kd3 Nf6 42. g4+ fxg3 43. fxg3 h5 44. Bc1 g4 45. h4 d5 46. Nf1 Bd6 47. Bd2 Ne4 48. Be1 Ke6 49.
b4 Bc7 50. Kc2 Bb8 51. Kd3 Bd6 52. Kc2 Nf6 53. Ne3 Ne4 54. Nf1 Bf8 55. Kd3 Nd6 56. Kc2 Kf5 57. Kd3 Nc4 58. Bc3 Bd6 59. Be1 Nb2+ 60. Kc2 Nc4 61. Kd3 Ke6 62. Bc3 Bc7 63. Be1 Nd6 64. Ne3 Ne4 65. Nf1 Bd6 66. Kc2 Nf6 67. Kd3 Ne8 68. Ne3 Ng7 69. Nf1 Nf5 70. Kc3 Ne7 71. Ne3 Nc6 72. Nc2 Kf5 73. Kd3 Be7 74. Bd2 Bf8 75. Be1 Bd6 76. Ke3 Nd8 77. Kd3 Ke6 78. Ne3 Nc6 79. Nc2 Ne7 80.
Ne3 1-0

[Event "FIDE Women World Blitz 2021"]
[Site "Warsaw"]
[Date "2021.12.29"]
[Round "6.12"]
[White "Heredia Serrano, Carla"]
[Black "Kubicka, Anna"]
[Result "1/2-1/2"]
[ECO "B51"]
[WhiteElo "2138"]
[BlackElo "2273"]
[Annotator "NA"]
[PlyCount "42"]
[EventDate "2021.12.29"]
[EventType "swiss"]
[EventCountry "POL"]
[Tiebreak "Cut1 Buchholz"]
[SourceTitle "playchess.com"]
[Source "ChessBase"]
[SourceQuality "1"]
[TimeControl "180+2"]

1. e4 c5 2. Nf3 d6 3. Bb5+ Nd7 4. O-O a6 5. Bxd7+ Bxd7 6. c3 Nf6 7. Re1 Bc6 8. d4 cxd4 9. cxd4 Bxe4 10. Bg5 Bg6 11. Nc3 e6 12. Bxf6 gxf6 13. d5 e5 14. Qb3 Rb8 15. a4 Be7 16. a5 O-O 17. Ra4 f5 18.
Ne2 Kh8 19. Ng3 Qd7 20. h4 f4 21. Nf1 Qg4 1/2-1/2

[Event "FIDE Women World Blitz 2021"]
[Site "Warsaw"]
[Date "2021.12.29"]
[Round "6.13"]
[White "Mamedjarova, Zeinab"]
[Black "Stefanova, Antoaneta"]
[Result "1/2-1/2"]
[ECO "D04"]
[WhiteElo "2249"]
[BlackElo "2475"]
[Annotator "ChessBase"]
[PlyCount "73"]
[EventDate "2021.12.29"]
[EventType "swiss"]
[EventCountry "POL"]
[Tiebreak "Cut1 Buchholz"]
[SourceTitle "playchess.com"]
[Source "ChessBase"]
[SourceQuality "1"]
[TimeControl "180+2"]

1. d4 d5 2. Nf3 Nf6 3. e3 Bf5 4. Bd3 Bg6 5. O-O e6 6. b3 Nbd7 7. Bb2 Be7 8. Nbd2 Ne4 9. Qe2 O-O 10. c4 c6 11. Rfd1 a5 12. Ne5 Nxe5 13. dxe5 Nxd2 14. Rxd2 Bxd3 15. Rxd3 Qb6 16. cxd5 cxd5 17. e4 dxe4 18. Qxe4 a4 19. Rd7 Bc5 20. Rxb7 Bxf2+ 21. Kf1 Qe3 22. Qxe3 Bxe3 23. b4 a3 24. Bc3 Rfc8 25. Be1 Rc2 26. b5 Bd4 27. Rd1 Bxe5 28. Ra7 Re8 29. Rxa3 Rb2 30. Rb3 Rxa2 31. b6 h5 32. Bf2 Raa8 33. b7 Rad8 34. Rxd8 Rxd8 35. Ba7 Bb8 36. Bxb8 Rxb8 37. Ke2 1/2-1/2

[Event "FIDE Women World Blitz 2021"]
[Site "Warsaw"]
[Date "2021.12.29"]
[Round "6.13"]
[White "Brambilla, Renee Blandy T."]
[Black "Rudzinska, Michalina"]
[Result "1-0"]
[ECO "A46"]
[WhiteElo "1651"]
[BlackElo "1832"]
[Annotator "NA"]
[PlyCount "40"]
[EventDate "2021.12.29"]
[EventType "swiss"]
[EventCountry "POL"]
[Tiebreak "Cut1 Buchholz"]
[SourceTitle "playchess.com"]
[Source "ChessBase"]
[SourceQuality "1"]
[TimeControl "180+2"]

1. d4 Nf6 2. c4 e6 3. Nf3 c5 4. dxc5 Bxc5 5. Nc3 O-O 6. Bg5 Qb6 7. e3 Qxb2 8. Bxf6 gxf6 9. Rc1 Bb4 10. Qc2 Qxc2 11. Rxc2 Nc6 12. Bd3 Ba5 13. Ke2 Nb4 14. Rcc1 Nxd3 15. Kxd3 b6 16. h4 Ba6 17. Ne4 d5 18. Nxf6+ Kg7 19. Nd7 Rfd8 20. Nde5 Rac8 1-0

[Event "FIDE Women World Blitz 2021"]
[Site "Warsaw"]
[Date "2021.12.29"]
[Round "6.14"]
[White "Socko, Monika"]
[Black "Michna, Marta"]
[Result "1/2-1/2"]
[ECO "E94"]
[WhiteElo "2393"]
[BlackElo "2312"]
[Annotator "NA"]
[PlyCount "77"]
[EventDate "2021.12.29"]
[EventType "swiss"]
[EventCountry "POL"]
[Tiebreak "Cut1 Buchholz"]
[SourceTitle "playchess.com"]
[Source "ChessBase"]
[SourceQuality "1"]
[TimeControl "180+2"]

1. d4 Nf6 2. c4 d6 3. Nc3 Nbd7 4. e4 e5 5. Nf3 g6 6. Be2 Bg7 7. O-O O-O 8.
Be3 Qe7 9. d5 c5 10. dxc6 bxc6 11. Qd2 Ng4 12. Bg5 f6 13. Bh4 g5 14. Bg3 Nc5 15. Rad1 Rb8 16. b3 Rd8 17. Ne1 Nh6 18. h4 Ne6 19. Nc2 f5 20.
hxg5 Qxg5 21. Qxg5 Nxg5 22. f3 Ne6 23. Rfe1 Kf7 24. Bd3 Nf4 25.
Ne2 Nxd3 26. Rxd3 fxe4 27. fxe4 Bg4 28. Bh4 Rd7 29. Ng3 Ke6 30. Ne3 Rf8 31. Bg5 Nf7 32. Bh4 h5 33. Nef5 Bf6 34. Bxf6 Kxf6 35. Rf1 Ke6 36. Ng7+ Ke7 37. N3xh5 Rh8 38. Nf6 Rdd8 39. Nxg4 1/2-1/2

[Event "FIDE Women World Blitz 2021"]
[Site "Warsaw"]
[Date "2021.12.29"]
[Round "6.15"]
[White "Lach, Aleksandra"]
[Black "Bodnaruk, Anastasia"]
[Result "0-1"]
[ECO "B23"]
[WhiteElo "2204"]
[BlackElo "2396"]
[Annotator "NA"]
[PlyCount "133"]
[EventDate "2021.12.29"]
[EventType "swiss"]
[EventCountry "POL"]
[Tiebreak "Cut1 Buchholz"]
[SourceTitle "playchess.com"]
[Source "ChessBase"]
[SourceQuality "1"]
[TimeControl "180+2"]

1. e4 c5 2. Nc3 d6 3. d4 cxd4 4. Qxd4 Nc6 5. Qd2 g6 6. b3 Bh6 7. f4 f5 8. Bb2 Nf6 9. O-O-O fxe4 10. Kb1 Bg7 11. Nh3 Qa5 12. a3 Bxh3 13.
gxh3 O-O-O 14. b4 Qc7 15. Nd5 Nxd5 16. Bxg7 Nb6 17. Bxh8 Rxh8 18. Qc3 Rf8 19. Be2 Rxf4 20. Bg4+ Kb8 21. Rhf1 e5 22. Rxf4 exf4 23. Qf6 d5 24. b5 Nd8 25. Be6 Nxe6 26. Qxe6 f3 27. Qe8+ Qc8 28. Qe5+ Ka8 29. Qf4 Qe8 30. a4 Nxa4 31. Kc1 Nc3 32. Re1 Ne2+ 33. Rxe2 fxe2 34. Kd2 a6 35. b6 Qd8 36. Qc7 Qf8 37. Kxe2 d4 38. Qe5 Qf3+ 39. Ke1 Qe3+ 40. Kd1 Qg1+ 41. Ke2 Qg2+ 42. Ke1 Qg1+ 43. Ke2 d3+ 44. cxd3 exd3+ 45. Kxd3 Qxb6 46. Qh8+ Ka7 47. Qxh7 Qd6+ 48.
Kc4 a5 49. h4 Ka6 50. h5 Qc6+ 51. Kb3 Qf3+ 52. Ka2 Qxh5 53. Qc7 Qd5+ 54. Kb2 Qb5+ 55. Ka3 Qc6 56. Qg3 b5 57. Ka2 a4 58. Qe3 Qc4+ 59. Kb2 Qb4+ 60. Ka2 Qd6 61.
Qg5 Ka5 62. Qg2 Qe6+ 63. Kb2 Qb3+ 64. Ka1 Qc3+ 65.
Kb1 Qd3+ 66. Ka1 Qd4+ 67. Ka2 0-1

[Event "FIDE Women World Blitz 2021"]
[Site "Warsaw"]
[Date "2021.12.29"]
[Round "6.16"]
[White "Osmak, Yuliia"]
[Black "Zatonskih, Anna"]
[Result "1-0"]
[ECO "D35"]
[WhiteElo "2198"]
[BlackElo "2394"]
[Annotator "NA"]
[PlyCount "49"]
[EventDate "2021.12.29"]
[EventType "swiss"]
[EventCountry "POL"]
[Tiebreak "Cut1 Buchholz"]
[SourceTitle "playchess.com"]
[Source "ChessBase"]
[SourceQuality "1"]
[TimeControl "180+2"]

1. c4 e6 2. Nc3 d5 3. d4 Nf6 4. cxd5 exd5 5. Bg5 Be7 6. e3 Nbd7 7. Bd3 Nf8 8. Qc2 Ne6 9. Bh4 g6 10. h3 O-O 11. Nf3 b6 12. O-O Bb7 13.
Rad1 Rc8 14. Qe2 c6 15. Ne5 c5 16. Ba6 Bxa6 17. Qxa6 cxd4 18. exd4 Qc7 19. Bxf6 Bxf6 20. Nxd5 Qd8 21. Nxf6+ Qxf6 22. Nd7 Qg5 23. Nxf8 Nf4 24. g3 Rxf8 25. Kh2 1-0

[Event "FIDE Women World Blitz 2021"]
[Site "Warsaw"]
[Date "2021.12.29"]
[Round "6.17"]
[White "Garcia Martin, Marta"]
[Black "Mammadova, Gulnar"]
[Result "0-1"]
[ECO "C02"]
[WhiteElo "2194"]
[BlackElo "2395"]
[Annotator "NA"]
[PlyCount "56"]
[EventDate "2021.12.29"]
[EventType "swiss"]
[EventCountry "POL"]
[Tiebreak "Cut1 Buchholz"]
[SourceTitle "playchess.com"]
[Source "ChessBase"]
[SourceQuality "1"]
[TimeControl "180+2"]

1. e4 e6 2. d4 d5 3. e5 c5 4. c3 Ne7 5. Nf3 Nec6 6. Bd3 b6 7. O-O Ba6 8.
Bxa6 Nxa6 9. Ng5 h6 10. Qh5 g6 11. Qh3 cxd4 12. Nxe6 fxe6 13. Qxe6+ Ne7 14. cxd4 Bg7 15. Qh3 Nb4 16. Qb3 Nbc6 17. Be3 Na5 18.
Qd3 Qd7 19. Nc3 O-O 20. Rac1 Rac8 21. Qa6 Nf5 22. Nb5 Nxe3 23. fxe3 Rxc1 24. Rxc1 Qf5 25. Nd6 Qf2+ 26. Kh1 Nc4 27. Rg1 Nxe3 28. Qb7 Qxg1+ 0-1

[Event "FIDE Women World Blitz 2021"]
[Site "Warsaw"]
[Date "2021.12.29"]
[Round "6.18"]
[White "Pavlidou, Ekaterini"]
[Black "Maltsevskaya, Aleksandra"]
[Result "0-1"]
[ECO "E70"]
[WhiteElo "2177"]
[BlackElo "2411"]
[Annotator "NA"]
[PlyCount "52"]
[EventDate "2021.12.29"]
[EventType "swiss"]
[EventCountry "POL"]
[Tiebreak "Cut1 Buchholz"]
[SourceTitle "playchess.com"]
[Source "ChessBase"]
[SourceQuality "1"]
[TimeControl "180+2"]

1. d4 Nf6 2. c4 g6 3. Nc3 Bg7 4. e4 d6 5. Bd3 O-O 6. Nge2 c5 7. d5 e6 8. h3 exd5 9. exd5 a6 10. a4 Nbd7 11. f4 Rb8 12. O-O Re8 13. Qc2 b5 14. axb5 axb5 15. Nxb5 Rxb5 16. cxb5 Nxd5 17. Bd2 Bb7 18. Ra7 Qb6 19. Rxb7 Qxb7 20. Bc4 N7b6 21. Ng3 Ne3 22. Bxe3 Rxe3 23. f5 Nxc4 24. fxg6 hxg6 25. Qxc4 Rxg3 26. Rf2 Bd4 0-1

[Event "FIDE Women World Blitz 2021"]
[Site "Warsaw"]
[Date "2021.12.29"]
[Round "6.19"]
[White "Muetsch, Annmarie"]
[Black "Bivol, Alina"]
[Result "0-1"]
[ECO "A04"]
[WhiteElo "2279"]
[BlackElo "2377"]
[Annotator "NA"]
[PlyCount "102"]
[EventDate "2021.12.29"]
[EventType "swiss"]
[EventCountry "POL"]
[Tiebreak "Cut1 Buchholz"]
[SourceTitle "playchess.com"]
[Source "ChessBase"]
[SourceQuality "1"]
[TimeControl "180+2"]

1. e4 e6 2. d3 c5 3. Nd2 Nc6 4. Ngf3 g6 5. g3 Bg7 6. Bg2 Nge7 7. O-O O-O 8. c3 e5 9. Qe2 d6 10. a4 a6 11. Nc4 b6 12. Bg5 Rb8 13.
Qd2 b5 14. axb5 axb5 15. Na3 f5 16. exf5 Bxf5 17. Nh4 Qc7 18.
Nxf5 Rxf5 19. Bh3 Rff8 20. Be6+ Kh8 21. Nc2 d5 22. Ra6 d4 23. cxd4 cxd4 24. Nb4 Nxb4 25. Qxb4 Nf5 26. Rc1 Qb7 27. Rac6 h6 28. Bd2 Qa8 29. Bd5 Qa4 30. Qc5 b4 31. Bc4 b3 32. Ra6 Qe8 33.
Ra7 Qc8 34. Qd5 Qd8 35. Rd7 Qb6 36. Ba5 Qf6 37. Rf1 h5 38.
Qc5 Nh6 39. Bd2 Ng4 40. Be1 Ne3 41. Rd6 Qf3 42. Bd5 Qe2 43.
Bg2 Nxf1 44. Bxf1 Qxe1 45. f4 exf4 46. Rxg6 Qe3+ 47. Kg2 Qe5 48. Qc6 f3+ 49. Kh3 Qf5+ 50. g4 hxg4+ 51. Rxg4 Rf6 0-1

[Event "FIDE Women World Blitz 2021"]
[Site "Warsaw"]
[Date "2021.12.29"]
[Round "6.20"]
[White "Gaboyan, Susanna"]
[Black "Danielian, Elina"]
[Result "1-0"]
[ECO "A07"]
[WhiteElo "2253"]
[BlackElo "2450"]
[Annotator "ChessBase"]
[PlyCount "86"]
[EventDate "2021.12.29"]
[EventType "swiss"]
[EventCountry "POL"]
[Tiebreak "Cut1 Buchholz"]
[SourceTitle "playchess.com"]
[Source "ChessBase"]
[SourceQuality "1"]
[TimeControl "180+2"]

1. Nf3 d5 2. g3 c6 3. Bg2 Bg4 4. O-O Nd7 5. d3 e5 6. Nbd2 Ngf6 7. e4 dxe4 8. dxe4 Bc5 9. Qe2 O-O 10. Nc4 Qc7 11. a4 Rfe8 12. c3 a5 13.
h3 Bh5 14. Bd2 Bf8 15. b4 axb4 16. cxb4 Nb6 17. Rfc1 Rxa4 18. Bc3 Rxa1 19. Rxa1 Nxc4 20. Qxc4 b5 21. Qb3 Nxe4 22. Bxe5 Rxe5 23. Nxe5
Qxe5 24. Re1 Nd2 25. Rxe5 Nxb3 26. Rxh5 Bxb4 27. Bxc6 g6 28. Rxb5 Nd4 29. Rxb4 Nxc6 30. Rb5 h5 31. Kg2 Kg7 32. Rb6 Nd4 33. Ra6 Nf5 34. Kf3 Nd4+ 35. Ke4 Nf5 36. Ke5 Ne7 37. g4 hxg4 38. hxg4 Ng8 39. Ra7 Nh6 40. f3 Kf8 41. Kf6 Ng8+ 42. Kg5 Ne7 43. Kf6 Nd5+ 1-0